 Dungeon Crawl Stone Soup version 0.27-a0-1280-g9d2d252d84 (webtiles) character file.

Game seed: 921721337150686520

4416 27snakeeyes612 the Cleaver (level 10, 0/53 HPs)
             Began as a Vine Stalker Fighter on June 13, 2021.
             Was an Initiate of Makhleb.
             Slain by a komodo dragon (13 damage)
             ... on level 9 of the Dungeon.
             The game lasted 00:09:37 (8197 turns).

27snakeeyes612 the Cleaver (Vine Stalker Fighter)   Turns: 8197, Time: 00:09:38

Health: 0/53       AC: 13    Str: 21    XL:     10   Next: 36%
Magic:  0/11       EV:  5    Int:  8    God:    Makhleb [......]
Gold:   446        SH: 11    Dex: 15    Spells: 9/9 levels left

rFire    . . .     SeeInvis .   u - +3 hand axe (freeze)
rCold    . . .     Faith    .   c - +0 kite shield
rNeg     . . .     Spirit   +   o - +0 plate armour
rPois    .         Reflect  .   (no helmet)
rElec    .         Harm     .   y - +0 cloak
rCorr    .         Rampage  .   (no gloves)
Will     +....                  (no boots)
Stlth    ..........             (no amulet)
HPRegen  1.17/turn              (no ring)
MPRegen  0.12/turn              (no ring)

@: no status effects
A: fangs 3, regeneration 1, magic shield, antimagic bite, no potion heal 2
a: Renounce Religion


You were on level 9 of the Dungeon.
You worshipped Makhleb.
Makhleb was noncommittal.
You visited 2 branches of the dungeon, and saw 10 of its levels.

You collected 600 gold pieces.
You spent 154 gold pieces at shops.

Inventory:

Hand Weapons
 a - a +0 war axe
 u - a +3 hand axe of freezing (weapon)
 w - the +12 mace "Killer Bee's Doom" {vorpal, Int+2}
   (You found it on level 6 of the Dungeon)

   It inflicts extra damage upon your enemies.
   It affects your intelligence (+2).
Missiles
 F - 4 atropa-tipped darts
Armour
 b - a +0 scale mail
 c - a +0 kite shield (worn)
 o - a +0 plate armour (worn)
 y - a +0 cloak (worn)
Jewellery
 i - a +6 ring of intelligence
 l - a ring of poison resistance
 s - a ring of protection from cold
 D - a ring of ice
 E - an amulet of magic regeneration
 G - a ring of ice
Wands
 q - a wand of paralysis (3) (quivered)
 B - a wand of acid (13)
 C - a wand of digging (3)
Scrolls
 e - 6 scrolls of vulnerability
 f - 7 scrolls of identify
 j - 2 scrolls of teleportation
 k - a scroll of holy word {unknown}
 m - a scroll of silence {unknown}
 r - 2 scrolls of immolation {unknown}
 t - a scroll of noise {unknown}
 z - 2 scrolls of brand weapon {unknown}
 J - a scroll of torment {unknown}
 K - a scroll of amnesia {unknown}
 L - 2 scrolls of acquirement {unknown}
Potions
 d - a potion of cancellation {unknown}
 g - 2 potions of haste {unknown}
 h - 3 potions of brilliance {unknown}
 n - 3 potions of curing {unknown}
 p - a potion of mutation {unknown}
 v - a potion of attraction {unknown}
 x - 3 potions of might
 A - a potion of degeneration {unknown}
 H - a potion of berserk rage
 I - 2 potions of lignification


   Skills:
 + Level 5.7 Fighting
 + Level 8.5 Axes
 + Level 5.6 Armour
 + Level 1.3 Dodging
 + Level 5.4 Stealth
 + Level 6.7 Shields
 + Level 1.0 Evocations


You had 9 spell levels left.
You didn't know any spells.
Your spell library contained the following spells:

 Spells                   Type           Power      Damage    Failure   Level
 Animate Skeleton         Necr           0%         N/A       100%        1
 Apportation              Tloc           0%         N/A       100%        1
 Corona                   Hex            0%         N/A       100%        1
 Freeze                   Ice            0%         1d3       100%        1
 Magic Dart               Conj           0%         1d3       100%        1
 Summon Small Mammal      Summ           0%         N/A       100%        1
 Blink                    Tloc           N/A        N/A       100%        2
 Call Imp                 Summ           0%         N/A       100%        2
 Searing Ray              Conj           0%         3d3       100%        2
 Slow                     Hex            0%         N/A       100%        2
 Conjure Flame            Conj/Fire      0%         6-21      100%        3
 Dazzling Flash           Conj/Hex       0%         N/A       100%        3
 Frozen Ramparts          Ice            0%         1d2       100%        3
 Inner Flame              Hex/Fire       0%         N/A       100%        3
 Mephitic Cloud           Conj/Pois/Air  0%         N/A       100%        3
 Ozocubu's Armour         Ice            0%         N/A       100%        3
 Portal Projectile        Hex/Tloc       0%         N/A       100%        3
 Cause Fear               Hex            0%         N/A       100%        4
 Fulminant Prism          Conj/Hex       0%         3d6       100%        4
 Hailstorm                Conj/Ice       0%         3d3       100%        4
 Iskenderun's Mystic Bla  Conj/Tloc      0%         2d3       100%        4
 Leda's Liquefaction      Hex/Erth       0%         N/A       100%        4
 Metabolic Englaciation   Hex/Ice        0%         N/A       100%        5


Dungeon Overview and Level Annotations

Branches:
Dungeon (9/15)             Temple (1/1) D:5
   Lair: D:8-11         Orc: D:9-12

Altars:
Ashenzari
Cheibriados
Dithmenos
Elyvilon
Fedhas
Gozag
Hepliaklqana
Kikubaaqudgha
Makhleb
Nemelex Xobeh
Okawaru
Qazlal
Ru
Sif Muna
Trog
Uskayaw
Vehumet
Xom
Yredelemnul
Zin
The Shining One

Shops:
D:5 =   D:9 !

Annotations:
D:5 3 runed translucent doors, EiAlmux's ghost, novice GrEE


Innate Abilities, Weirdness & Mutations

You have razor-sharp teeth.
Your natural rate of healing is unusually fast.
When hurt, damage is shared between your health and your magic reserves.
Your bite disrupts and absorbs the magic of your enemies.
Potions cannot restore your health.


Message History

The iguana is no longer moving slowly. x2; You block the iguana's attack.
The komodo dragon bites you!!
The iguana bites you but does no damage.
You are too injured to fight recklessly!
You are too injured to fight recklessly!
You are too injured to fight recklessly!
You are too injured to fight recklessly!
You are too injured to fight recklessly!
You are too injured to fight recklessly!
You are too injured to fight recklessly!
You are too injured to fight recklessly!
You are too injured to fight recklessly!
You are too injured to fight recklessly!
You are too injured to fight recklessly!
You are too injured to fight recklessly!
You are too injured to fight recklessly!
You are too injured to fight recklessly!
You are too injured to fight recklessly!
You are too injured to fight recklessly!
You are too injured to fight recklessly!
You are too injured to fight recklessly!
You hit the iguana but do no damage. You bite the iguana, but do no damage.
The iguana is almost dead.
The iguana bites you but does no damage.
You hit the iguana but do no damage. You bite the iguana, but do no damage.
The iguana is almost dead.
You hit the komodo dragon. You freeze the komodo dragon.
You bite the komodo dragon! You drain its power.
You feel invigorated.
The komodo dragon is heavily wounded.
You hit the komodo dragon but do no damage.
You bite the komodo dragon, but do no damage.
The komodo dragon is heavily wounded.
The komodo dragon is no longer moving slowly.
The komodo dragon bites you!
* * * LOW HITPOINT WARNING * * *
You slash the komodo dragon!
The komodo dragon seems to slow down.
You freeze the komodo dragon. Your bite misses the komodo dragon.
The komodo dragon is severely wounded.
The komodo dragon bites you!!
You die...

#l### #####...####
#.รท.# #........#
###'#### #........#
#......# ####........#
#......# #..'........#
#......####.##....>...#
+......##...##........#
#.....l##.####........#
#.....ll@.# #........#
#.....l#### ##########
########


You could see a komodo dragon (slow) and 3 iguanas.

Vanquished Creatures
  A two-headed ogre (D:8)
  A troll (D:7)
  6 yaks (D:8)
  A water moccasin (D:6)
  2 orc warriors (D:9)
  A sky beast (D:6)
  2 ice beasts
  A necrophage (D:7)
  2 ogres
  3 centaurs
  2 phantoms (D:6)
  2 kobold brigands
  A bullfrog (D:8)
  3 scorpions
  2 water moccasin skeletons (D:5)
  5 wights (D:6)
  A centaur zombie (D:8)
  A bullfrog skeleton (D:5)
  3 hounds
  A jelly (D:7)
  A centaur skeleton (D:7)
  3 orc priests
  5 iguanas
  5 orc wizards
  A killer bee zombie (D:5)
  A hound zombie (D:5)
  2 hound skeletons
  A howler monkey zombie (D:9)
  4 adders
  A river rat (D:3)
  2 white imps
  An adder skeleton (D:4)
  4 worms
  A dart slug (D:5)
  33 orcs
  8 bats
  5 endoplasms
  A giant cockroach (D:2)
  4 goblins
  8 hobgoblins
  6 jackals
  15 kobolds
  2 quokkas (D:3)
  5 ball pythons
  4 frilled lizards
  A quokka skeleton (D:4)
  7 rats
172 creatures vanquished.

Vanquished Creatures (others)
  6 plants (D:9)
6 creatures vanquished.

Grand Total: 178 creatures vanquished

Notes
Turn   | Place    | Note
-------+----------+-------------------------------------------
     0 | D:1      | 27snakeeyes612 the Vine Stalker Fighter began the quest for
                  | the Orb.
     0 | D:1      | Reached XP level 1. HP: 11/11 MP: 2/2
   241 | D:1      | Reached XP level 2. HP: 16/16 MP: 3/3
   635 | D:1      | Reached skill level 2 in Axes
   984 | D:2      | Reached XP level 3. HP: 19/19 MP: 4/4
  1314 | D:2      | Gained mutation: Your natural rate of healing is unusually
                  | fast. [Vine Stalker growth]
  1314 | D:2      | Reached XP level 4. HP: 11/24 MP: 2/5
  1475 | D:2      | Found a basalt altar of Yredelemnul.
  1861 | D:3      | Reached XP level 5. HP: 28/28 MP: 6/6
  1904 | D:3      | Reached skill level 1 in Stealth
  1927 | D:3      | Reached skill level 3 in Axes
  2124 | D:3      | Noticed an ogre
  2686 | D:4      | Reached XP level 6. HP: 32/32 MP: 7/7
  2983 | D:5      | Entered Level 5 of the Dungeon
  3148 | D:5      | Found a staircase to the Ecumenical Temple.
  3156 | D:5      | Reached XP level 7. HP: 31/32 MP: 8/8
  3163 | Temple   | Entered the Ecumenical Temple
  3579 | D:5      | Found a runed translucent gate.
  3579 | D:5      | Found a runed translucent gate.
  3579 | D:5      | Found a runed translucent gate.
  3579 | D:5      | Noticed EiAlmux's ghost (novice GrEE)
  3581 | D:5      | Found a basalt altar of Yredelemnul.
  3600 | D:5      | Reached skill level 4 in Axes
  3740 | D:5      | Found Udeh's Jewellery Shoppe.
  4121 | D:5      | Gained mutation: You have razor-sharp teeth. [Vine Stalker
                  | growth]
  4121 | D:5      | Reached XP level 8. HP: 42/42 MP: 9/9
  4149 | D:5      | Reached skill level 5 in Shields
  4430 | D:6      | Reached skill level 5 in Axes
  4905 | D:6      | Reached skill level 6 in Axes
  4972 | D:6      | Identified the +12 mace "Killer Bee's Doom" {vorpal, Int+2}
  5712 | D:3      | Reached XP level 9. HP: 46/46 MP: 10/10
  6090 | D:6      | Reached skill level 5 in Fighting
  6090 | D:6      | Reached skill level 1 in Dodging
  6158 | D:7      | Noticed a troll
  6167 | D:7      | Killed a troll
  6168 | D:7      | Reached skill level 7 in Axes
  6789 | D:8      | Reached skill level 5 in Armour
  6815 | D:8      | Reached XP level 10. HP: 50/51 MP: 11/11
  7004 | D:8      | Reached skill level 8 in Axes
  7080 | D:8      | Noticed a two-headed ogre
  7090 | D:8      | Killed a two-headed ogre
  7091 | D:8      | Reached skill level 5 in Stealth
  7173 | D:8      | Found a shadowy altar of Dithmenos.
  7176 | D:8      | Found a glowing silver altar of Zin.
  7188 | D:8      | Found a sacrificial altar of Ru.
  7191 | D:8      | Found a burning altar of Makhleb.
  7325 | D:8      | Became a worshipper of Makhleb the Destroyer
  7451 | D:9      | Found Fiway's Distillery.
  7457 | D:9      | Bought a potion of berserk rage for 70 gold pieces
  7457 | D:9      | Bought a potion of lignification for 42 gold pieces
  7457 | D:9      | Bought a potion of lignification for 42 gold pieces
  7607 | D:9      | Reached skill level 1 in Evocations
  7642 | D:9      | Found a white marble altar of Elyvilon.
  8197 | D:9      | Slain by a komodo dragon

Illustrated notes

Levels and vault maps discovered:
D:1:      sevenhm_arrival_forest_fort_large_4, layout_basic
D:2:      layout_basic, basic_altar, minmay_crystal_water, minmay_box_of_dots
D:3:      layout_basic, serial_glass, glass_columns_a, glass_columns_c,
          portal_sewer_entry_c
D:4:      layout_basic, nrook_uturn, kennysheep_decorative_pillar
D:5:      layout_loops_ring, nicolae_yredelemnul_ghost_church,
          minmay_temple_entry_ruins, serial_shops, shop,
          kennysheep_generic_room_6
D:6:      layout_basic, grunt_ministairs_15
D:7:      layout_rooms
D:8:      layout_loops_ring, grunt_temple_overflow_cloverleaf,
          patterned_corridor
D:9:      layout_roguey, elyvilon_altar_5, pdpol_wu_jian_five_deadly_venoms,
          serial_shops, shop, shop_statue, minmay_lizard_king
Temple:   regret_index_temple_generic_petals

Skill      XL: |  1  2  3  4  5  6  7  8  9 10 |
---------------+-------------------------------+-----
Axes           | 2 3 4 6 7 8 |  8.5
Shields        | 3 4 5 6 |  6.7
Fighting       | 3 4 5 |  5.7
Armour         | 3 4 5 |  5.6
Stealth        | 1 2 4 5 |  5.4
Dodging        | 1 |  1.3
Evocations     | 1 |  1.0

Action                   |  1- 3 |  4- 6 |  7- 9 | 10-12 || total
-------------------------+-------+-------+-------+-------++-------
Melee: War axe           |    72 |   142 |   103 |       ||   317
       Bite              |    17 |    45 |    92 |    45 ||   199
       Hand axe          |       |       |   164 |   101 ||   265
       Mace              |       |       |     2 |       ||     2
Evoke: Wand              |       |       |     2 |     4 ||     6
  Use: Potion            |       |     2 |       |       ||     2
       Scroll            |       |     1 |       |     2 ||     3
 Stab: Paralysed         |       |       |     9 |     5 ||    14
Armor: Scale mail        |    36 |    15 |       |       ||    51
       Plate armour      |       |    57 |   144 |    41 ||   242
Dodge: Dodged            |    22 |    33 |    41 |    12 ||   108
Block: Kite shield       |    41 |    74 |   160 |    42 ||   317

Table legend: (Time is in decaauts)
 A = Elapsed time spent in this place.
 B = Non-inter-level travel time spent in this place.
 C = Inter-level travel time spent in this place.
 D = Time resting spent in this place.
 E = Time spent auto-exploring this place.
 F = Levels seen in this place.
 G = Mean time per level.
                   A        B        C        D        E       F      G
               +--------+--------+--------+--------+--------+-----+--------+
         Total |   8416 |   7735 |    681 |    118 |   6272 |  10 |  841.6 |
       Dungeon |   8153 |   7508 |    645 |    118 |   6046 |   9 |  905.9 |
        Temple |    263 |    227 |     36 |      0 |    226 |   1 |  263.0 |
               +--------+--------+--------+--------+--------+-----+--------+

Top non-repeatable levels by time:
     D:5: 1146 daAuts
     D:3: 1137 daAuts
     D:2: 1087 daAuts
     D:4: 941 daAuts
     D:6: 874 daAuts
     D:1: 861 daAuts
     D:8: 824 daAuts
     D:9: 766 daAuts
     D:7: 514 daAuts
  Temple: 263 daAuts
